 Dungeon Crawl Stone Soup version 0.19.1 (webtiles) character file.

298 kae the Shield-Bearer (level 6, -3/49 HPs)
             Began as a Formicid Fighter on Dec 13, 2016.
             Killed by divine providence
             ... invoked by an orc priest
              (13 damage)
             ... on level 3 of the Dungeon.
             The game lasted 00:02:53 (2588 turns).

kae the Shield-Bearer (Formicid Fighter)            Turns: 2588, Time: 00:02:54

Health: -3/49      AC: 13    Str: 23    XL:     6   Next: 62%
Magic:  6/6        EV:  5    Int:  7    God:
Gold:   186        SH: 10    Dex: 10    Spells: 0 memorised, 5 levels left

rFire  . . .     SeeInvis +     a - +0 long sword
rCold  . . .     Gourm    .     q - +0 plate armour
rNeg   . . .     Faith    .     c - +0 shield
rPois  .         Spirit   .     (helmet unavailable)
rElec  .         Reflect  .     w - +0 cloak
rCorr  .         Harm     .     (no gloves)
MR     .....                    x - +0 pair of boots
Stlth  ..........               (no amulet)
                                (no ring)
                                (no ring)

@: no status effects
A: permanent stasis, dig shafts and tunnels, four strong arms, antennae 3
a: Dig, Shaft Self


You were on level 3 of the Dungeon.
You were not hungry.

You visited 1 branch of the dungeon, and saw 4 of its levels.

You collected 186 gold pieces.

Inventory:

Hand Weapons
 a - a +0 long sword (weapon)
Armour
 c - a +0 shield (worn)
 q - a +0 plate armour (worn)
 w - a +0 cloak (worn)
 x - a +0 pair of boots (worn)
Jewellery
 b - an uncursed amulet of magic regeneration {unknown}
 t - an uncursed ring of poison resistance {unknown}
Wands
 y - a wand of flame (26/48)
Scrolls
 e - 4 scrolls of identify {unknown}
 g - 2 scrolls of immolation {unknown}
 k - a scroll of magic mapping {unknown}
 l - a scroll of teleportation {unknown}
 m - 3 scrolls of enchant weapon {unknown}
 p - a scroll of noise {unknown}
 s - 3 scrolls of remove curse {unknown}
 u - a scroll of recharging {unknown}
 A - a scroll of enchant armour {unknown}
 B - a scroll of amnesia {unknown}
 D - a scroll of random uselessness {unknown}
Potions
 h - a potion of cure mutation {unknown}
 i - a potion of curing {unknown}
 j - 2 potions of berserk rage {unknown}
 o - a potion of agility {unknown}
 C - a potion of flight {unknown}
 E - a potion of haste {unknown}
Comestibles
 d - a chunk of flesh
 f - a bread ration
 n - 4 meat rations
 r - 7 fruits
 v - a beef jerky
 z - a royal jelly


   Skills:
 + Level 4.7 Fighting
 * Level 4.9 Long Blades
 - Level 3.2 Armour
 + Level 5.0 Shields


You had 5 spell levels left.
You didn't know any spells.

Dungeon Overview and Level Annotations

Branches:
Dungeon (4/15)
 Temple: D:4-7

Altars:
Elyvilon
Makhleb


Innate Abilities, Weirdness & Mutations

You are under a permanent stasis effect.
You can dig through walls and to a lower floor.
Your four strong arms can wield two-handed weapons with a shield.
You have a pair of large antennae on your head. (SInv)


Message History

The orc priest miscasts a cantrip.
Things that are here:
a flail; an orc corpse You closely miss the orc priest.
The orc priest hits you but does no damage.
You hit the orc priest.
The orc priest is moderately wounded.
The orc priest looks satisfied for a moment.
You block the orc priest's attack.
Your shield and plate armour prevent you from hitting the orc priest.
The orc priest is moderately wounded.
The orc priest hits you with a short sword.
You barely miss the orc priest.
The orc priest is moderately wounded.
The orc priest invokes the aid of Beogh against you.
Beogh smites you!
* * * LOW HITPOINT WARNING * * *
The orc priest mumbles some strange prayers to Beogh against you.
Beogh smites you!
You die...

#.# ############# #.#.
#...##......# #.#. ####
#...##......######.#.
....##...##......#......##
....>...)>'......+......+.
......(..@#......#......##
.........o................
#.......#.#...........####
#.....#[#.#...........#
##.....'.))#........#######
#......###.'...............
#.#########)......#########
#................o.........
#..........................


You could see 2 orc priests.

Vanquished Creatures
  Terence (D:3)
  Natasha (thrice) (D:3)
  2 worker ants (D:4)
  Robin (D:3)
  3 adders (D:3)
  A gnoll (D:1)
  3 oozes
  A dart slug (D:2)
  A leopard gecko (D:2)
  10 orcs
  A ball python (D:1)
  10 bats
  3 giant cockroaches
  13 goblins
  6 hobgoblins
  2 jackals (D:1)
  2 quokkas (D:3)
  3 frilled lizards
  3 kobolds (D:1)
  10 rats
79 creatures vanquished.

Notes
Turn   | Place    | Note
-------+----------+-------------------------------------------
     0 | D:1      | kae the Formicid Fighter began the quest for the Orb.
     0 | D:1      | Reached XP level 1. HP: 18/18 MP: 1/1
    86 | D:1      | Reached XP level 2. HP: 24/24 MP: 2/2
   462 | D:1      | Reached XP level 3. HP: 29/29 MP: 3/3
   527 | D:1      | Reached skill level 4 in Shields
   994 | D:2      | Reached XP level 4. HP: 35/37 MP: 4/4
  1600 | D:3      | Noticed Natasha
  1604 | D:3      | Killed Natasha
  1627 | D:3      | Noticed Robin
  1641 | D:3      | Reached XP level 5. HP: 30/42 MP: 5/5
  1656 | D:3      | Noticed Natasha
  1658 | D:3      | Killed Robin
  1676 | D:3      | Killed Natasha
  1711 | D:3      | Noticed Natasha
  1717 | D:3      | Killed Natasha
  1906 | D:3      | Noticed Terence
  1937 | D:3      | Killed Terence
  1937 | D:3      | Reached XP level 6. HP: 40/49 MP: 6/6
  2186 | D:3      | Found a white marble altar of Elyvilon.
  2191 | D:3      | Found a burning altar of Makhleb.
  2362 | D:4      | Reached skill level 5 in Shields
  2588 | D:3      | Killed from afar by an orc priest

Skill      XL: |  1  2  3  4  5  6 |
---------------+-------------------+-----
Shields        | 4 5 |  5.0
Long Blades    | 3 4 |  4.9
Fighting       | 4 |  4.7
Armour         | |  3.2

Action                   |  1- 3 |  4- 6 || total
-------------------------+-------+-------++-------
Melee: Long sword        |    89 |   244 ||   333
 Abil: Dig               |     4 |     5 ||     9
  Use: Potion            |       |     1 ||     1
  Eat: Chunk             |     1 |     6 ||     7
Armor: Scale mail        |    27 |       ||    27
       Plate armour      |    10 |   165 ||   175
Dodge: Dodged            |    37 |    56 ||    93
Block: Shield            |    41 |   145 ||   186
       Rpst.: Long sword |    11 |    15 ||    26
